 Dungeon Crawl Stone Soup version 0.23.2-1-ga50397a (webtiles) character file.

Game seed: 16431420425279481273

1885 TrebMcFLY the Cleaver (level 8, 19/75 HPs)
             Began as a Deep Dwarf Fighter on May 14, 2019.
             Quit the game on level 6 of the Dungeon.
             The game lasted 00:17:53 (4985 turns).

TrebMcFLY the Cleaver (Deep Dwarf Fighter)          Turns: 4985, Time: 00:17:53

Health: 19/75      AC: 12    Str: 26    XL:     8   Next: 92%
Magic:  3/3        EV:  6    Int:  8    God:
Gold:   524        SH: 11    Dex: 12    Spells: 7/7 levels left

rFire    . . .     SeeInvis .   a - +0 war axe
rCold    . . .     Gourm    .   c - +0 shield
rNeg     . . .     Faith    .   i - +0 chain mail
rPois    .         Spirit   .   u - +0 helmet
rElec    .         Reflect  .   (no cloak)
rCorr    .         Harm     .   y - +0 pair of gloves
MR       +....                  (no boots)
Stlth    ..........             (no amulet)
HPRegen  0.00/turn              w - +3 ring of strength
MPRegen  0.08/turn              (no ring)

@: non-regenerating, lightly drained
A: damage resistance, heal wounds, sense surroundings 1, no regeneration
a: Heal Wounds


You were on level 6 of the Dungeon.
You were very hungry.

You visited 1 branch of the dungeon, and saw 6 of its levels.
You also visited: Sewer and Ossuary.

You collected 524 gold pieces.

Inventory:

Hand Weapons
 a - a +0 war axe (weapon)
Armour
 c - a +0 shield (worn)
 i - a +0 chain mail (worn)
 u - a +0 helmet (worn)
 y - a +0 pair of gloves (worn)
Jewellery
 b - an uncursed ring of magical power {unknown}
 w - a +3 ring of strength (left hand)
Scrolls
 h - 6 scrolls of remove curse
 j - a scroll of noise {unknown}
 p - 5 scrolls of enchant armour {unknown}
 q - 4 scrolls of fear {unknown}
 r - a scroll of immolation {unknown}
 s - 2 scrolls of identify {unknown}
 v - 2 scrolls of magic mapping {unknown}
 z - a scroll of holy word {unknown}
 D - 3 scrolls of vulnerability {unknown}
 E - a scroll of blinking {unknown}
Potions
 d - 3 potions of might
 e - 9 potions of curing
 g - a potion of lignification {unknown}
 k - a potion of mutation {unknown}
 l - 6 potions of heal wounds {unknown}
 m - 4 potions of brilliance {unknown}
 n - 2 potions of agility {unknown}
 o - a potion of flight {unknown}
 t - 2 potions of magic {unknown}
 x - a potion of resistance {unknown}
 A - a potion of cancellation {unknown}
 B - 2 potions of degeneration {unknown}
 C - a potion of invisibility {unknown}
Comestibles
 f - 6 rations


   Skills:
 + Level 5.4(5.3) Fighting
 * Level 8.3(8.1) Axes
 + Level 6.5(6.3) Armour
 + Level 6.5(6.3) Shields


You had 7 spell levels left.
You didn't know any spells.
Your spell library contained the following spells:

 Spells                   Type           Power        Failure   Level  Hunger
 Sandblast                Erth           #.....       100%        1    ##.....
 Passwall                 Tmut/Erth      #.......     100%        2    ###....
 Stone Arrow              Conj/Erth      #.....       100%        3    ####...
 Petrify                  Tmut/Erth      #.......     100%        4    #####..
 Lee's Rapid Deconstruct  Erth           #.........   100%        5    ######.


Dungeon Overview and Level Annotations

Branches:
Dungeon (6/15)
 Temple: D:4-7

Altars:
Ashenzari
Dithmenos
Elyvilon
Fedhas
Hepliaklqana
Okawaru
Sif Muna
Trog
Vehumet
Xom
Yredelemnul

Shops:
D:6 *


Innate Abilities, Weirdness & Mutations

You are resistant to damage.
You can heal yourself by infusing magical energy.
You passively map a small area around you.
You do not regenerate.


Message History

You block the hound's attack. x2
The wight hits you with a cursed +0 scimitar!
* * * LOW HITPOINT WARNING * * *
You feel drained.
You slash the wight!
You destroy the wight!
You hit the hound.
You kill the hound!
Things that are here:
a cursed +0 scimitar; a +0 robe
There is a bloodstained altar of Trog here.
d - 3 potions of might (gained 1)
There is a bloodstained altar of Trog here.
Things that are here:
a cursed +0 scimitar; a +0 robe
f - 6 rations (gained 1)
Found an escape hatch in the ceiling.
A wight comes into view. It is wielding a +5 battleaxe.
A wight is nearby!
Are you sure you want to abandon this character and quit the game? (Confirm with "yes".)

#####...........####
#<.......#......# #
#.....####...#..## #
#......###)####..# #
#......##...##...###
#........._.#....##.
#.......#........##. *
#......####......##. ,
,#..@...## #..#......
,#.........#..#......
#..z.........#.....# ,
..............#.....#
...............#...((#
........####.#.#.#.....#
###.....# #.#...#.....#
#.....# #.#.###.....# *
* #.#.........#


You could see a wight.

Vanquished Creatures
  A centaur skeleton (D:5)
  A black bear (D:6)
  An ice beast (D:6)
  A sky beast (D:5)
  A centaur (D:5)
  A gnoll sergeant (D:5)
  A wight (D:6)
  2 crimson imps
  2 hounds
  2 bullfrog zombies (D:5)
  2 orc priests
  3 orc wizards
  Natasha (thrice) (D:4)
  3 worker ants
  Robin (D:3)
  A howler monkey zombie (D:5)
  8 mummies (Ossuary)
  A howler monkey skeleton (D:5)
  10 adders
  25 gnolls
  A river rat (D:4)
  A shadow imp (D:6)
  2 oozes
  2 worms
  2 dart slugs
  4 leopard geckos
  12 orcs
  5 giant cockroaches
  A gnoll zombie (Ossuary)
  20 goblins
  15 hobgoblins
  13 jackals
  2 quokkas
  A ball python (Sewer)
  8 bats
  8 frilled lizards
  11 kobolds
  2 kobold zombies (Ossuary)
  A leopard gecko skeleton (D:6)
  A leopard gecko zombie (D:5)
  5 orc zombies (Ossuary)
  A quokka skeleton (D:5)
  7 rats
195 creatures vanquished.

Vanquished Creatures (others)
  2 plants (Sewer)
2 creatures vanquished.

Grand Total: 197 creatures vanquished

Notes
Turn   | Place    | Note
-------+----------+-------------------------------------------
     0 | D:1      | TrebMcFLY the Deep Dwarf Fighter began the quest for the
                  | Orb.
     0 | D:1      | Reached XP level 1. HP: 20/20 MP: 1/1
   160 | D:1      | Reached XP level 2. HP: 24/27 MP: 2/2
   604 | D:1      | Reached skill level 3 in Axes
   619 | D:1      | Reached XP level 3. HP: 23/33 MP: 3/3
  1005 | D:2      | Found an iron altar of Okawaru.
  1005 | D:2      | Found a bloodstained altar of Trog.
  1063 | D:2      | Reached XP level 4. HP: 20/42 MP: 4/4
  1424 | D:2      | Reached skill level 4 in Axes
  1424 | D:2      | Reached XP level 5. HP: 15/49 MP: 5/5
  1770 | D:3      | Noticed Robin
  1797 | D:3      | Killed Robin
  2260 | D:3      | Reached XP level 6. HP: 38/57 MP: 5/5
  2569 | D:4      | Reached skill level 5 in Axes
  2620 | D:4      | Found a glowing drain.
  2624 | Sewer    | Entered a sewer
  3369 | D:4      | Found a shadowy altar of Dithmenos.
  3397 | D:4      | Noticed Natasha
  3406 | D:4      | Killed Natasha
  3419 | D:4      | Found an iron altar of Okawaru.
  3496 | D:4      | Found a basalt altar of Yredelemnul.
  3519 | D:4      | Found a shimmering altar of Xom.
  3520 | D:4      | Found a hazy altar of Hepliaklqana.
  3521 | D:4      | Noticed a spectral ugly thing
  3608 | D:4      | Noticed Natasha
  3618 | D:4      | Killed Natasha
  3725 | D:4      | Noticed Natasha
  3729 | D:4      | Killed Natasha
  3746 | D:5      | Entered Level 5 of the Dungeon
  3754 | D:5      | Reached skill level 5 in Shields
  3754 | D:5      | Reached XP level 7. HP: 37/64 MP: 4/4
  3787 | D:5      | Reached skill level 6 in Axes
  3787 | D:5      | Reached skill level 5 in Armour
  3788 | D:5      | Found a shattered altar of Ashenzari.
  3853 | D:5      | Found a white marble altar of Elyvilon.
  3922 | D:5      | Reached XP level 8. HP: 40/73 MP: 5/5
  4015 | D:5      | Reached skill level 7 in Axes
  4292 | D:5      | Reached skill level 5 in Fighting
  4392 | D:5      | Found a deep blue altar of Sif Muna.
  4540 | D:6      | Found Puicwiamm's Assorted Antiques.
  4580 | D:6      | Found a blossoming altar of Fedhas.
  4580 | D:6      | Found a radiant altar of Vehumet.
  4600 | D:6      | Reached skill level 8 in Axes
  4662 | D:6      | Found a sand-covered staircase.
  4678 | Ossuary  | Entered an ossuary
  4927 | D:6      | Found a bloodstained altar of Trog.
  4985 | D:6      | Quit the game

Skill      XL: |  1  2  3  4  5  6  7  8 |
---------------+-------------------------+-----
Axes           | 3 4 5 6 8 |  8.3
Fighting       | 3 4 5 |  5.4
Shields        | 4 5 6 |  6.5
Armour         | 4 5 6 |  6.5

Action                   |  1- 3 |  4- 6 |  7- 9 || total
-------------------------+-------+-------+-------++-------
Melee: War axe           |    90 |   337 |   233 ||   660
 Abil: Heal Wounds       |       |     5 |     5 ||    10
  Use: Scroll            |       |     1 |       ||     1
  Eat: Chunk             |     1 |     9 |     4 ||    14
Armor: Scale mail        |    43 |   140 |       ||   183
       Chain mail        |       |    13 |   122 ||   135
Dodge: Dodged            |    29 |   114 |    61 ||   204
Block: Shield            |    54 |   202 |   161 ||   417
